 Dungeon Crawl Stone Soup version 0.25-a0-156-g0c4bda3fdf (webtiles) character file.

Game seed: 14917177975422765224, levelgen mode: deterministic

52 Esekla the Magician (level 3, 0/24 HPs)
             Began as a Demonspawn Wanderer on Nov 20, 2019.
             Succumbed to an adder's poison
             ... on level 2 of the Dungeon.
             The game lasted 00:13:34 (1953 turns).

Esekla the Magician (Demonspawn Wanderer)           Turns: 1953, Time: 00:13:34

Health: 0/24       AC:  2    Str: 12    XL:     3   Next: 60%
Magic:  2/8        EV: 11    Int: 13    God:
Gold:   72         SH:  0    Dex: 13    Spells: 7/10 levels left

rFire    . . .     SeeInvis .   a - +0 dagger
rCold    . . .     Gourm    .   (no shield)
rNeg     . . .     Faith    .   d - +0 robe
rPois    .         Spirit   +   (no helmet)
rElec    .         Reflect  .   (no cloak)
rCorr    .         Harm     .   (no gloves)
MR       .....                  (no boots)
Stlth    ++........             (no amulet)
HPRegen  0.08/turn              (no ring)
MPRegen  0.11/turn              (no ring)

@: lethally poisoned (0 -> -2)
A: magic shield
a: no special abilities


You were on level 2 of the Dungeon.
You were hungry.

You visited 1 branch of the dungeon, and saw 2 of its levels.

You collected 72 gold pieces.

Inventory:

Hand Weapons
 a - a +0 dagger (weapon)
 k - a +0 trident
Missiles
 i - 14 poisoned darts (quivered)
Armour
 d - a +0 robe (worn)
 j - a cursed +0 leather armour
Scrolls
 c - 2 scrolls of teleportation
 e - 2 scrolls of amnesia {unknown}
 g - a scroll of noise {unknown}
 h - 2 scrolls of identify {unknown}
Potions
 l - a potion of cancellation
Comestibles
 f - 2 rations


   Skills:
 + Level 0.1 Fighting
 + Level 0.3 Short Blades
 + Level 0.5 Dodging
 - Level 1.0 Stealth
   Level 1.0 Shields
 * Level 4.0 Spellcasting
 * Level 0.8 Conjurations
 * Level 0.4 Translocations
   Level 1.0 Fire Magic
   Level 1.7 Ice Magic
   Level 1.7 Earth Magic


You had 7 spell levels left.
You knew the following spells:

 Your Spells              Type           Power        Failure   Level  Hunger
a - Magic Dart            Conj           #...         14%         1    None
b - Blink                 Tloc           N/A          26%         2    ##.....

Your spell library contained the following spells:

 Spells                   Type           Power        Failure   Level  Hunger
 Call Imp                 Summ           #.......     30%         2    ##.....
 Slow                     Hex            #.......     30%         2    ##.....
 Conjure Flame            Conj/Fire      #.......     38%         3    ###....
 Mephitic Cloud           Conj/Pois/Air  #.......     50%         3    ###....


Dungeon Overview and Level Annotations

Branches:
Dungeon (2/15)

Altars:
Makhleb
Zin
The Shining One


Innate Abilities, Weirdness & Mutations

When hurt, damage is shared between your health and your magic reserves.


Message History

* * * LOW HITPOINT WARNING * * *
You hit the adder.
You kill the adder!
Your Spellcasting skill increases to level 4!
It was a potion of cancellation.
You feel magically purged.
Your magical contamination has completely faded away.
* * * LOW HITPOINT WARNING * * *
You feel sick.
The Executioner gives a hideous shriek!
* * * LOW HITPOINT WARNING * * *
You feel sick.
You open the door.
The angel recites the sacred texts on the fall of Lugonu.
There is an open door here.
* * * LOW HITPOINT WARNING * * *
You feel sick.
* * * LOW HITPOINT WARNING * * *
You feel sick.
A kobold comes into view. It is wielding a +0 short sword.
You die...

### #A# ### ######
##### #.###
#....####._.#####.##.
####@#..#.$.#..##.(..
#....'..^+......(.
##...#...#........
#...###._..##......
.....## ######.#.....
....... #1# ###.....
....... ### #....#
.K..... #.....
####### #....#


There were no monsters in sight!

Vanquished Creatures
  An adder (D:2)
  A worm (D:1)
  2 leopard geckos (D:1)
  A ball python (D:1)
  7 bats (D:1)
  3 giant cockroaches (D:1)
  5 goblins (D:1)
  5 hobgoblins (D:1)
  5 kobolds (D:1)
  2 frilled lizards
  4 rats (D:1)
36 creatures vanquished.

Notes
Turn   | Place    | Note
-------+----------+-------------------------------------------
     0 | D:1      | Esekla the Demonspawn Wanderer began the quest for the Orb.
     0 | D:1      | Esekla set off with the following items: a +0 dagger, a
                  | potion of curing, a scroll of teleportation, a +0 robe, a
                  | ration; and the following spell memorised: Magic Dart; and
                  | the following spells available to memorise: Blink, Call
                  | Imp, Slow, Conjure Flame, Mephitic Cloud
     0 | D:1      | Reached XP level 1. HP: 13/13 MP: 4/4
   383 | D:1      | Gained mutation: When hurt, damage is shared between your
                  | health and your magic reserves. [demonic ancestry]
   383 | D:1      | Reached XP level 2. HP: 13/19 MP: 4/6
  1074 | D:1      | Learned a level 2 spell: Blink
  1350 | D:1      | Reached XP level 3. HP: 22/24 MP: 5/8
  1891 | D:2      | Found a glowing golden altar of the Shining One.
  1912 | D:2      | Found a burning altar of Makhleb.
  1917 | D:2      | Found a glowing silver altar of Zin.
  1917 | D:2      | Noticed an angel
  1933 | D:2      | HP: 1/24 [poisoned by an adder]
  1937 | D:2      | Reached skill level 4 in Spellcasting
  1939 | D:2      | Noticed an Executioner
  1949 | D:2      | HP: 1/24 [poisoned by an adder]
  1953 | D:2      | Succumbed to an adder's poison

Levels and vault maps discovered:
D:1:      dpeg_arrival_rooms_c, layout_loops_ring, minmay_misc_feat_columns,
          grunt_decor_clamped, minmay_ruptured
D:2:      layout_rooms, grunt_temple_overflow_order_and_chaos_2,
          lemuel_crystal_altar, minmay_joined_circles

Skill      XL: |  1  2  3 |
---------------+----------+-----
Spellcasting   | 4 |  4.0
Fighting       | |  0.1
Short Blades   | |  0.3
Dodging        | |  0.5
Stealth        | |  1.0
Shields        | |  1.0
Conjurations   | |  0.8
Translocations | |  0.4
Fire Magic     | |  1.0
Ice Magic      | |  1.7
Earth Magic    | |  1.7

Action                   || total
-------------------------++-------
Melee: Dagger            ||   156
Throw: Dart              ||    14
 Cast: Magic Dart        ||    58
  Use: Potion            ||     2
 Stab: Sleeping          ||     2
  Eat: Chunk             ||     3
Armor: Robe              ||    40
Dodge: Dodged            ||   111

Table legend:
 A = Non-vault XP
 B = Vault XP
 C = Vault XP percentage of total XP
 D = Non-vault monster count
 E = Vault monster count
 F = Vault count percentage of total count
                 A         B        C        D         E       F
            +---------+---------+-------+---------+---------+-------
      Total |      73 |       2 |   2.7 |      34 |       2 |   5.6
            +---------+---------+-------+---------+---------+-------
        D:1 |      59 |       2 |   3.3 |      32 |       2 |   5.9
        D:2 |      14 |       0 |   0.0 |       2 |       0 |   0.0
            +---------+---------+-------+---------+---------+-------
